Workbook
Name subtotal: '20 - Equipment'!$D$2

Sheet Instructions
A1: FS-10 .xls INSTRUCTIONS
A3: This budget tool contains 12 worksheets – 1 for agency information, 1 for each of the 10 budget categories, and 1 for the budget summary. To go to the other worksheets, click on the tabs below.
A6: Complete all of the green-shaded fields on the Agency Information page and the Budget Summary pages. It is very important that the agency name, address, agency code, and project number are accurate. For Special Legislative Projects and Grants Contracts, enter the contract #.
A8: To enter budget information for a particular category, select that tab and enter the required data. Dollar amounts in the Project Salary/Proposed Expenditure columns of the worksheets will be automatically subtotaled on the worksheets, and the subtotals will be carried over to the Budget Summary worksheet. Dollar amounts will be rounded automatically to the closest whole number. The subtotals and the Budget Summary will automatically be recalculated if the dollar amounts are changed or new information is added.
A12: All text within the document must be fully visible. To accommodate extra text, expand the row height by dragging the line below the row number until the row is at the appropriate height. Please check the printed version before mailing. A FS-10 containing unreadable text may result with the document being returned, causing unnecessary delays.
A13: On the indirect cost category worksheet, the Maximum Direct Cost Base listed below the chart is the mathematical total of codes 15, 16, 40, 45, 46 and 80. To compute the amount in row A. - Modified Direct Cost Base, subtract the portion of each subcontract exceeding $50,000 and any flow through funds from the Maximum Direct Cost Base. Enter the agency’s indirect cost rate as a whole number plus one decimal (2.1%, for example).
A14: To save the completed budget, select File / Save As, rename the file, select the appropriate location on your computer, and click OK.
A16: To preview a completed budget, select File / Print and then click the Preview button.
A18: To print a completed budget, select File / Print and then click OK. Only completed budget pages will print.
A20: The Chief Administrator’s Certification on the Budget Summary worksheet must be signed by the agency’s Chief Administrative Officer or properly authorized designee.
A22: Submit a budget with original signature, copies of the signed budget as specified in the grant application instructions, and grant application materials to the State Education Department program office listed in the grant application instructions. ***Do not submit budgets or grant applications to Grants Finance***
A24: For additional information about preparing budgets, please refer to NYSED's Fiscal Guidelines for Federal and State Grants at:
A26: www.oms.nysed.gov/cafe/

Sheet Agency Info
A1: The University of the State of New York | G1: PROPOSED BUDGET FOR A
A2: THE STATE EDUCATION DEPARTMENT | G2: FEDERAL OR STATE PROJECT
A3: (see instructions for mailing address) | G3: FS-10 (6/2026)
H5: = Required Field
A6: ***Complete all Information. Do not submit to Grants Finance.***
A7: Local Agency Information
A9: Funding Source:
A10: Report Prepared By:
A12: Agency Name:
A14: Mailing Address:
D18: City | F18: State | H18: Zip Code
A20: Telephone # of Report Preparer: | F20: County:
A22: E-mail Address:
A24: Project Funding Dates:
D25: Start | G25: End
A27: INSTRUCTIONS
A29: Submit the original FS-10 Budget and the required number of copies along with the completed application directly to the appropriate State Education Department program office as indicated in the application instructions for the grant program for which you are applying. Enter whole dollar amounts only. Prior approval by means of an approved budget (FS-10) or budget amendment (FS-10-A) is required for: • Personnel positions, number and type • Equipment items having a unit value of $10,000 or more, number and type • Minor remodeling • Any increase in a budget subtotal (professional salaries, purchased services, travel, etc.) by more than 10 percent or $1,000, whichever is greater • Any increase in the total budget amount
A31: The Chief Administrator’s Certification on the Budget Summary worksheet must be signed by the agency’s Chief Administrative Officer or properly authorized designee.
A32: An approved copy of the FS-10 Budget will be returned to the contact person noted above. A window envelope will be used; please make sure that the contact information is accurate and confined to the address field without altering the formatting.
A34: For further information about completing the FS-10 Budget form, please refer to NYSED's Fiscal Guidelines for Federal and State Grants at:
A36: www.oms.nysed.gov/café/
A37: Agencies must maintain complete and accurate records and may be requested to provide additional details to support reported expenditures.
A38: Please refer to Subrecipient's Record Keeping and Retention

Sheet 15 - Prof Staff Salaries
A1: SALARIES FOR PROFESSIONAL STAFF: Code 15 Include only staff that are employees of the agency. Do not include consultants or per diem staff. Do not include central administrative staff that are considered to be indirect costs, e.g., business office staff. One full-time equivalent (FTE) equals one person working an entire week each week of the project. Express partial FTE's in decimals, e.g., a teacher working one day per week equals .2 FTE.
A2: Subtotal - Code 15 | D2: =IF(SUM(D4:D973)>0,SUM(D4:D973),"")
A3: Specific Position Title | B3: Full-Time Equivalent | C3: Annualized Rate of Pay | D3: Project Salary

Sheet 16 - Support Staff Salaries
A1: SALARIES FOR SUPPORT STAFF: Code 16 Include salaries for teacher aides, secretarial and clerical assistance, and for personnel in pupil transportation and building operation and maintenance. Do not include central administrative staff that are considered to be indirect costs, e.g., account clerks.
A2: Subtotal - Code 16 | D2: =IF(SUM(D4:D998)>0,SUM(D4:D998),"")
A3: Specific Position Title | B3: Full-Time Equivalent | C3: Annualized Rate of Pay | D3: Project Salary

Sheet 40 - Purchased Services
A1: PURCHASED SERVICES: Code 40 Include consultants (indicate per diem rate), rentals, tuition, and other contractual services. Copies of contracts may be requested by the State Education Department. Purchased Services from a BOCES, if other than applicant agency, should be budgeted under Purchased Services with BOCES, Code 49.
A2: Subtotal - Code 40 | D2: =IF(SUM(D4:D997)>0,SUM(D4:D997),"")
A3: Description of Item | B3: Provider of Services | C3: Calculation of Cost | D3: Proposed Expenditure

Sheet 45 - Supplies and Materials
A1: SUPPLIES AND MATERIALS: Code 45 Beginning with the 2025-26 year include computer software, library books and equipment items under $10,000 per unit. For earlier years equipment items under 5,000 per unit were included.
A2: Subtotal - Code 45 | D2: =IF(SUM(D4:D997)>0,SUM(D4:D997),"")
A3: Description of Item | B3: Quantity | C3: Unit Cost | D3: Proposed Expenditure

Sheet 46 - Travel Expenses
A1: TRAVEL EXPENSES: Code 46 Include pupil transportation, conference costs and travel of staff between instructional sites. Specify agency approved mileage rate for travel by personal car or school-owned vehicle.
A2: Subtotal - Code 46 | D2: =IF(SUM(D4:D999)>0,SUM(D4:D999),"")
A3: Position of Traveler | B3: Destination and Purpose | C3: Calculation of Cost | D3: Proposed Expenditures

Sheet 80 - Employee Benefits
A1: Employee Benefits: Code 80 Rates used for project personnel must be the same as those used for other agency personnel.
A2: Subtotal - Code 80 | C2: =IF(SUM(C4:C1001)>0,SUM(C4:C1001),"")
A3: Benefit | C3: Proposed Expenditure
A4: Social Security
A5: Retirement | B5: New York State Teachers
B6: New York State Employees
B7: Other - Pension
A8: Health Insurance
A9: Worker's Compensation
A10: Unemployment Insurance
A11: Other(Identify)

Sheet 90 - Indirect Cost
A1: INDIRECT COST: Code 90
A2: A. | B2: Modified Direct Cost Base -- Sum of all preceding subtotals(codes 15, 16, 40, 45, 46, and 80 and excludes the portion of each subcontract exceeding $50,000 and any flow through funds) **Manual Entry
A3: B. | B3: Approved Restricted Indirect Cost Rate (%) (enter X.X)
A4: C. | B4: Subtotal - Code 90 | D4: =IF(LEN(D2)>0,D2*D3,"")
A5: For your information, maximum direct cost base = | D5: =IF(SUM('15 - Prof Staff Salaries'!D2,'16 - Support Staff Salaries'!D2,'40 - Purchased Services'!D2,'45 - Supplies and Materials'!D2,'46 - Travel Expenses'!D2,'80 - Employee Benefits'!C2)>0,SUM('15 - Prof Staff Salaries'!D2,'16 - Support Staff Salaries'!D2,'40 - Purchased Services'!D2,'45 - Supplies and Materials'!D2,'46 - Travel Expenses'!D2,'80 - Employee Benefits'!C2),"")
A6: To calculate Modified Direct Cost Base, reduce maximum direct cost base by the portion of each subcontract exceeding $50,000 and any flow through funds.

Sheet 49 - BOCES Purchased Services
A1: PURCHASED SERVICES WITH BOCES: Code 49
A2: Subtotal - Code 49 | D2: =IF(SUM(D4:D1000)>0,SUM(D4:D1000),"")
A3: Description of Services | B3: Name of BOCES | C3: Calculation of Cost | D3: Proposed Expenditure

Sheet 30 - Minor Remodeling
A1: MINOR REMODELING: Code 30 Allowable costs include salaries, associated employee benefits, purchased services, and supplies and materials related to alterations to existing sites.
A2: Subtotal - Code 30 | C2: =IF(SUM(C4:C1000)>0,SUM(C4:C1000),"")
A3: Description of Work to be Performed | B3: Calculation of Cost | C3: Proposed Expenditure

Sheet 20 - Equipment
A1: EQUIPMENT: Code 20 Beginning with the 2025-26 year all equipment to be purchased in support of this project with a unit cost of $10,000 or more should be itemized in this category. Equipment items under $10,000 should be budgeted under Supplies and Materials, Code 45. Repairs of equipment should be budgeted under Purchased Services, Code 40. For earlier years, the threshold for reporting equipment purchases was $5,000 or more. Equipment items under $5,000 should be budgeted under Supplies and Materials.
A2: Subtotal - Code 20 | D2: =IF(SUM(D4:D1000)>0,SUM(D4:D1000),"")
A3: Description of Item | B3: Quantity | C3: Unit Cost | D3: Proposed Expenditure

Sheet Budget Summary
A1: BUDGET SUMMARY
A2: SUBTOTAL | B2: CODE | C2: PROJECT COSTS | F2: Local Agency Information
A3: Professional Salaries | B3: 15 | C3: =IF(ISERROR('15 - Prof Staff Salaries'!D2),"",'15 - Prof Staff Salaries'!D2) | E3: Agency Code:
A4: Support Staff Salaries | B4: 16 | C4: =IF(ISERROR('16 - Support Staff Salaries'!D2),"",'16 - Support Staff Salaries'!D2)
A5: Purchased Services | B5: 40 | C5: =IF(ISERROR('40 - Purchased Services'!D2),"",'40 - Purchased Services'!D2) | E5: Project #:
A6: Supplies and Materials | B6: 45 | C6: =IF(ISERROR('45 - Supplies and Materials'!D2),"",'45 - Supplies and Materials'!D2)
A7: Travel Expenses | B7: 46 | C7: =IF(ISERROR('46 - Travel Expenses'!D2),"",'46 - Travel Expenses'!D2) | E7: Contract #: (If applicable)
A8: Employee Benefits | B8: 80 | C8: =IF(ISERROR('80 - Employee Benefits'!C2),"",'80 - Employee Benefits'!C2)
A9: Indirect Cost | B9: 90 | C9: =IF(ISERROR('90 - Indirect Cost'!D4),"",'90 - Indirect Cost'!D4)
A10: BOCES Services | B10: 49 | C10: =IF(ISERROR('49 - BOCES Purchased Services'!D2),"",'49 - BOCES Purchased Services'!D2) | E10: Agency Name:
A11: Minor Remodeling | B11: 30 | C11: =IF(ISERROR('30 - Minor Remodeling'!C2),"",'30 - Minor Remodeling'!C2) | E11: ***Complete all information. DO NOT submit to Grants Finance***
A12: Equipment | B12: 20 | C12: =IF(ISERROR('20 - Equipment'!D2),"",'20 - Equipment'!D2) | E12: FOR DEPARTMENT USE ONLY
A13: Grand Total | C13: =IF(SUM(C3:C12)>0,SUM(C3:C12),"$0")
A14: CHIEF ADMINISTRATOR'S CERTIFICATION | E14: Funding Dates:
G15: From | N15: To | O15: To
A16: I certify to the best of my knowledge and belief that the information provided herein is true, complete, and accurate. I am aware that the provision of false, fictitious, or fraudulent information, or the omission of any material fact, may subject me to criminal, civil, or administrative consequences including, but not limited to violations of U.S. Code Title 18, Sections 2, 1001, 1343 and Title 31, Sections 3729-3730 and 3801-3812.
E18: Program Approval: | O18: Date:
E21: Fiscal Year | G21: First Payment | R21: Line #
A26: / /
A27: Date Signature
A29: Name and Title of Chief Administrative Officer
E31: Voucher # | K31: First Payment
A32: Finance: Logged ___________ Approved _____________ MIR ____________
